 Dungeon Crawl Stone Soup version 0.25-a0-435-g4b9beb1024 (webtiles) character file.

Game seed: 15991305259101444268, levelgen mode: deterministic

119 Eurus the Grave Robber (level 4, -11/30 HPs)
             Began as a Mummy Necromancer on Jan 26, 2020.
             Killed from afar by Ijyb (12 damage)
             ... with an iceblast
             ... on level 3 of the Dungeon.
             The game lasted 00:07:21 (2899 turns).

Eurus the Grave Robber (Mummy Necromancer)          Turns: 2899, Time: 00:07:22

Health: -11/30     AC:  6    Str: 11    XL:     4   Next: 73%
Magic:  9/10       EV: 12    Int: 15    God:
Gold:   123        SH:  0    Dex: 12    Spells: 10/11 levels left

rFire    x . .     SeeInvis .   i - +1 dagger (vamp)
rCold    + . .     Gourm    .   (no shield)
rNeg     + + +     Faith    .   a - +0 robe
rPois    ∞         Spirit   .   f - +0 helmet
rElec    .         Reflect  .   h - +0 cloak
rCorr    .         Harm     .   b - +1 pair of gloves
MR       .....                  (no boots)
Stlth    ++........             (no amulet)
HPRegen  0.10/turn              (no ring)
MPRegen  0.12/turn              (no ring)

@: no status effects
A: no food or potions, fire vulnerability, cold resistance 1, negative energy
resistance 3, torment resistance, unbreathing
a: no special abilities


You were on level 3 of the Dungeon.
You were not hungry.

You visited 1 branch of the dungeon, and saw 3 of its levels.

You collected 123 gold pieces.

Inventory:

Hand Weapons
 i - a +1 vampiric dagger (weapon)
Armour
 a - a +0 robe (worn)
 b - a +1 pair of gloves (worn)
 d - a +0 buckler
 f - a +0 helmet (worn)
 h - a +0 cloak (worn)
Scrolls
 c - 2 scrolls of noise {unknown}
 e - 2 scrolls of teleportation {unknown}
 g - 4 scrolls of identify {unknown}


   Skills:
 - Level 2.0 Dodging
 - Level 1.5 Stealth
 + Level 1.4 Shields
 + Level 4.1 Spellcasting
 + Level 4.8 Necromancy


You had 10 spell levels left.
You knew the following spells:

 Your Spells              Type           Power        Failure   Level  Hunger
a - Pain                  Necr           ###.         2%          1    N/A

Your spell library contained the following spells:

 Spells                   Type           Power        Failure   Level  Hunger
 Animate Skeleton         Necr           N/A          2%          1    N/A
 Vampiric Draining        Necr           ###.......   8%          3    N/A
 Apportation              Tloc           #.....       19%         1    N/A
 Corona                   Hex            #......      19%         1    N/A
 Summon Small Mammal      Summ           #...         19%         1    N/A
 Animate Dead             Necr           N/A          24%         4    N/A
 Agony                    Necr           ###.....     56%         5    N/A

Dungeon Overview and Level Annotations

Branches:
Dungeon (3/15)

Altars:
Qazlal

Annotations:
D:3 Ijyb


Innate Abilities, Weirdness & Mutations

You do not eat or drink.
Your flesh is vulnerable to fire.
You are immune to poison.
Your flesh is cold resistant. (rC+)
You are immune to negative energy. (rN+++)
You are immune to unholy pain and torment.
You can survive without breathing.


Message History

Aim: a leopard gecko (almost dead, chance to defeat MR: 87%)
The leopard gecko barely resists.
Ijyb the Twisted Goblin comes into view.
She is wielding a +0 dagger and carrying a wand of iceblast (6).
The leopard gecko bites you but does no damage.
You miss the leopard gecko.
The leopard gecko is almost dead.
Ijyb zaps a wand.
The mass of ice explodes!
The iceblast engulfs the leopard gecko!
The leopard gecko dies!
The iceblast engulfs you. You partially resist.
You hear a shout!
Ijyb zaps a wand.
The mass of ice explodes!
The iceblast engulfs you! You partially resist.
Ijyb screams, "It's all mine!"
Ijyb zaps a wand.
The mass of ice explodes!
The iceblast engulfs you! You partially resist.
* * * LOW HITPOINT WARNING * * *
Ijyb zaps a wand.
The mass of ice explodes!
The iceblast engulfs you! You partially resist.
You die...

.. .. ..>...#.... ..!###.
##..##.#.... .......
##..##.#.... .....
#........###
##†.######........### #.#
#....................
....#..##.#####.....#..##
#...#..##.#########.#..##
..g....@................
.........#†#######.##[..
...##....##.# #.#####
.........##.# ###
..##.#..##.# . #.#.....#
# #..#### #.## ...#


You could see Ijyb.

Vanquished Creatures
  7 adders
  3 dart slugs
  2 leopard geckos (D:2)
  2 orcs (D:3)
  A giant cockroach (D:2)
  4 goblins
  6 hobgoblins
  4 jackals (D:1)
  A quokka (D:2)
  A ball python (D:3)
  3 bats
  3 frilled lizards
  5 kobolds
  6 rats
48 creatures vanquished.

Vanquished Creatures (others)
  A leopard gecko (D:3)
1 creature vanquished.

Grand Total: 49 creatures vanquished

Notes
Turn   | Place    | Note
-------+----------+-------------------------------------------
     0 | D:1      | Eurus the Mummy Necromancer began the quest for the Orb.
     0 | D:1      | Reached XP level 1. HP: 13/13 MP: 4/4
   254 | D:1      | Reached XP level 2. HP: 11/19 MP: 3/6
  1334 | D:2      | Reached XP level 3. HP: 24/24 MP: 3/7
  1749 | D:2      | Reached skill level 1 in Shields
  1749 | D:2      | Reached XP level 4. HP: 22/30 MP: 7/9
  2358 | D:3      | Found a stormy altar of Qazlal.
  2893 | D:3      | Noticed Ijyb
  2897 | D:3      | HP: 1/30 [Ijyb/iceblast (10)]
  2899 | D:3      | Killed from afar by Ijyb

Levels and vault maps discovered:
D:1:      minmay_arrival_stone_box, layout_basic, minmay_misc_feat_four_crosses,
          hangedman_decor_diamond_cutter, minmay_tiny_reverse_x
D:2:      layout_loops_cross
D:3:      layout_basic, marbit_many_paths, lemuel_crystal_altar, first_ration,
          uniq_ijyb

Skill      XL: |  1  2  3  4 |
---------------+-------------+-----
Spellcasting   | 3 4 |  4.1
Dodging        | 2 |  2.0
Shields        | 1 |  1.4
Stealth        | |  1.5
Necromancy     | |  4.8

Action                   |  1- 3 |  4- 6 || total
-------------------------+-------+-------++-------
Melee: Club              |    44 |     2 ||    46
       Dagger            |       |    22 ||    22
 Cast: Pain              |    50 |    34 ||    84
 Stab: Sleeping          |     1 |       ||     1
Armor: Robe              |    18 |     4 ||    22
Dodge: Dodged            |    57 |    25 ||    82

Table legend:
 A = Non-vault XP
 B = Vault XP
 C = Vault XP percentage of total XP
 D = Non-vault monster count
 E = Vault monster count
 F = Vault count percentage of total count
                 A         B        C        D         E       F
            +---------+---------+-------+---------+---------+-------
      Total |     166 |       4 |   2.4 |      46 |       3 |   6.1
            +---------+---------+-------+---------+---------+-------
        D:1 |      26 |       3 |  10.3 |      15 |       2 |  11.8
        D:2 |      78 |       0 |   0.0 |      18 |       0 |   0.0
        D:3 |      62 |       1 |   1.6 |      13 |       1 |   7.1
            +---------+---------+-------+---------+---------+-------
